Kings vs Rangers (R1)

Created - 6 janvier 2017 at 19:16

Goals
1 2 3 T
Kings 1 1 3 5
Rangers 1 1 1 3
Shots
1 2 3 T
Kings 4 12 9 25
Rangers 9 6 12 27

1st period

1. Rangers , Artem Anisimov 1 (Matt Read) at 4:03
2. Kings , Jordan Eberle 9 (Anze Kopitar, Evander Kane) at 11:43 (PP)

Penalties :
Stephen Weiss (NYR) for Hooking (Minor) at 6:54, Stephen Weiss (NYR) for Roughing (Minor) at 11:35, Lubomir Visnovsky (LAK) for Hooking (Minor) at 12:04, Ryan Suter (NYR) for Hooking (Minor) at 15:16

2nd period

3. Kings , Michael Kostka 4 (Drew Doughty, Jordan Eberle) at 1:32 (PP)
4. Rangers , Nick Foligno 2 (Matt Read, Staffan Kronwall) at 13:16

Penalties :
Milan Lucic (NYR) for Hooking (Minor) at 1:16

3rd period

5. Kings , Anze Kopitar 17 (Ladislav Nagy, Dominic Moore) at 6:13
6. Rangers , Patrice Bergeron 16 (Milan Lucic, Ryan Suter) at 7:34
7. Kings , Anze Kopitar 18 (Drew Doughty, Michael Kostka) at 11:09 (PP)
8. Kings , Anze Kopitar 19 (Chad Larose) at 19:09 (Empty Net)

Penalties :
Jordan Nolan (LAK) for Hooking (Minor) at 0:25, Patrice Bergeron (NYR) for Kneeing (Minor) at 9:58, Artem Anisimov (NYR) for Holding (Minor) at 10:45

Goalie Stats

Jonathan Quick (LAK), 24 saves from 27 shots - (0,889), W, 13-5-6, 60:00 minutes
Hannu Toivonen (NYR), 20 saves from 24 shots - (0,833), L, 2-5-1, 59:36 minutes

Players Stats for Kings

Player Name              G  A  P  +/- PIM S  H  SB GA TA FO     MP     PP MP  PK MP  
------------------------------------------------------------------------------------
Anze Kopitar             3  1  4   1  0   3  4  0  1  0  8/26   21:04   4:21   0:46 
Brent Sopel              0  0  0   0  0   1  1  2  0  0  0/0    17:23   0:00   1:21 
Chad Larose              0  1  1   1  0   0  1  0  0  0  1/1    12:40   0:04   2:11 
Daniel Cleary            0  0  0  -1  0   0  0  0  0  1  0/0     9:40   0:00   1:01 
Dominic Moore            0  1  1  -1  0   1  2  1  0  0  2/5    11:10   0:04   2:11 
Drew Doughty             0  2  2  -1  0   1  2  3  1  1  0/0    27:37   4:52   2:38 
Erik Christensen         0  0  0   0  0   4  2  0  0  0  2/2    12:23   2:16   0:00 
Erik Cole                0  0  0   1  0   1  0  0  1  0  0/0    11:30   0:04   1:01 
Erik Karlsson            0  0  0   0  0   2  1  1  1  1  0/0    14:53   2:16   0:00 
Evander Kane             0  1  1   0  0   2  4  0  1  0  1/3    20:38   4:21   0:46 
Jakub Voracek            0  0  0   0  0   4  1  1  0  0  0/2    18:00   2:43   0:00 
Jordan Eberle            1  1  2  -1  0   2  4  1  0  0  0/1    18:46   4:21   0:00 
Jordan Nolan             0  0  0  -1  2   1  1  2  0  1  7/15   17:12   2:43   0:00 
Ladislav Nagy            0  1  1  -1  0   0  0  0  0  0  0/0     8:39   0:00   0:00 
Lubomir Visnovsky        0  0  0  -1  2   0  1  3  0  1  0/0    21:21   0:00   1:17 
Michael Kostka           1  1  2   0  0   3  3  2  2  1  0/0    22:32   4:52   1:20 
Ted Purcell              0  0  0  -1  0   0  0  1  1  0  0/1    17:02   2:43   0:00 
Tim Ramholt              0  0  0   0  0   0  0  0  0  1  0/0    13:30   0:00   1:20 

Players Stats for Rangers

Player Name              G  A  P  +/- PIM S  H  SB GA TA FO     MP     PP MP  PK MP  
------------------------------------------------------------------------------------
Alexei Emelin            0  0  0   0  0   2  4  0  1  1  0/0    15:20   0:00   2:18 
Artem Anisimov           1  0  1   2  2   2  1  0  0  0  0/0     9:55   0:00   1:21 
Cam Barker               0  0  0   0  0   2  2  2  0  0  0/0    28:05   2:19   4:50 
Chris Bourque            0  0  0   0  0   1  2  1  1  0  0/0    12:04   0:01   0:55 
Drew Stafford            0  0  0   0  0   3  3  0  0  1  0/1    18:46   2:22   0:00 
Gustav Nyquist           0  0  0   0  0   0  1  0  0  0  0/2    11:03   0:02   0:00 
Jakob Silfverberg        0  0  0  -1  0   0  2  0  0  0  0/0    14:29   1:34   0:00 
Mark Fistric             0  0  0   0  0   3  0  1  0  0  0/0    22:31   2:19   2:18 
Matt Greene              0  0  0   0  0   0  0  0  0  0  0/0    14:07   1:39   4:50 
Matt Read                0  2  2   2  0   0  2  0  0  0  3/3    10:47   0:00   2:13 
Mike Cammalleri          0  0  0   0  0   3  3  1  1  1  0/0    14:17   1:34   0:00 
Milan Lucic              0  1  1  -1  2   4  1  0  2  0  1/1    18:51   2:23   0:00 
Nick Foligno             1  0  1   2  0   1  0  1  1  1  1/2    11:48   0:00   4:00 
Patrice Bergeron         1  0  1  -1  2   4  1  0  0  1  18/30  20:10   2:23   1:19 
Ryan Suter               0  1  1   1  2   0  3  2  1  1  0/0    19:31   1:39   0:00 
Staffan Kronwall         0  1  1   1  0   0  1  1  0  0  0/0    20:30   0:00   0:00 
Stephen Weiss            0  0  0   0  4   0  2  0  0  0  3/6    14:58   1:34   0:02 
Valtteri Filppula        0  0  0   0  0   2  2  2  0  2  9/11   15:10   0:01   4:01 

3 Stars

1 - Anze Kopitar (LAK)
2 - Michael Kostka (LAK)
3 - Jordan Eberle (LAK)

Power Play

Kings - 3 on 6 Attempt(s) - 50,00%
Rangers - 0 on 2 Attempt(s) - 0,00%

Penalty Kill

Kings - 2 on 2 Attempt(s) - 100,00% - Score 0 goal in Penalty Kill
Rangers - 3 on 6 Attempt(s) - 50,00% - Score 0 goal in Penalty Kill

Team Stat

Kings - Hits : 27 - Faceoff Wins : 21 - Blocked Shots : 17 - Penalty Minutes : 4
Rangers - Hits : 30 - Faceoff Wins : 35 - Blocked Shots : 11 - Penalty Minutes : 12

Official

Referees : StPierre Justin and Lee Chris
Linesman : Darren Gibbs and Brian Mach

Game Notes

0:59 of 2nd period - Rangers goal is going for a video replay. After video review, No Goal. The puck has been kicked using a distinct kicking motion.
Anze Kopitar has scored a Hat Trick!
Anze Kopitar has scored in a empty net!

Finance

Level 1 -- Attendance: 4874 (81,23%) -- Ticket Income 438 660 $
Level 2 -- Attendance: 3768 (75,36%) -- Ticket Income 207 240 $
Level 3 -- Attendance: 2000 (100,00%) -- Ticket Income 60 000 $
Level 4 -- Attendance: 3999 (99,98%) -- Ticket Income 79 980 $
Luxury Box -- Attendance: 745 (74,50%) -- Ticket Income 130 375 $
Game was played at the Madison Square Garden.
Total Attendance: 15386 (85,48%)
Total Ticket Income: 916 255 $
Other Income: 137 438 $
Total Income: 1 053 693 $

Kings

5 vs 5 Forward 
   Center                   Left Wing                Right Wing               Time % Phy DF OF 
 1 Jordan Nolan             Ted Purcell              Jordan Eberle            35     1   2  2  
 2 Anze Kopitar             Evander Kane             Jakub Voracek            35     1   2  2  
 3 Erik Christensen         Erik Cole                Chad Larose              20     0   3  2  
 4 Dominic Moore            Ladislav Nagy            Daniel Cleary            10     1   2  2  

5 vs 5 Defense 
   Defense                  Defense                                           Time % Phy DF OF 
 1 Drew Doughty             Lubomir Visnovsky                                 40     0   3  2  
 2 Brent Sopel              Michael Kostka                                    35     0   3  2  
 3 Tim Ramholt              Erik Karlsson                                     25     1   3  1  
 4 Drew Doughty             Erik Karlsson                                     0      1   3  1  

PowerPlay Forward 
   Center                   Left Wing                Right Wing               Time % Phy DF OF 
 1 Anze Kopitar             Evander Kane             Jordan Eberle            60     1   0  4  
 2 Jordan Nolan             Ted Purcell              Jakub Voracek            40     1   0  4  

PowerPlay Defense
   Defense                  Defense                                           Time % Phy DF OF 
 1 Drew Doughty             Michael Kostka                                    60     0   2  3  
 2 Erik Christensen         Erik Karlsson                                     40     0   3  2  

Penalty Kill 4 Players Forward 
   Center                   Wing                     Time % Phy DF OF 
 1 Dominic Moore            Chad Larose              60     1   2  2  
 2 Daniel Cleary            Erik Cole                40     1   2  2  

Penalty Kill 4 Players Defense
   Defense                  Defense                  Time % Phy DF OF 
 1 Lubomir Visnovsky        Drew Doughty             60     1   4  0  
 2 Michael Kostka           Tim Ramholt              40     1   4  0  

Penalty Kill - 3 Players Forward 
   Forward                                           Time % Phy DF OF 
 1 Dominic Moore                                     60     1   4  0  
 2 Anze Kopitar                                      40     1   4  0  

Penalty Kill - 3 Players Defense
   Defense                  Defense                  Time % Phy DF OF 
 1 Drew Doughty             Lubomir Visnovsky        60     1   4  0  
 2 Michael Kostka           Tim Ramholt              40     1   4  0  

4 vs 4 Forward 
   Center                   Wing                     Time % Phy DF OF 
 1 Anze Kopitar             Jakub Voracek            60     1   2  2  
 2 Jordan Eberle            Evander Kane             40     1   2  2  

4 vs 4 Defense
   Defense                  Defense                  Time % Phy DF OF 
 1 Erik Karlsson            Drew Doughty             60     1   2  2  
 2 Lubomir Visnovsky        Michael Kostka           40     1   2  2  

Last Minutes Offensive
   Center                   Left Wing                Right Wing               Defense                  Defense                  
   Anze Kopitar             Evander Kane             Jordan Eberle            Drew Doughty             Erik Karlsson            

Last Minutes Defensive
   Center                   Left Wing                Right Wing               Defense                  Defense                  
   Anze Kopitar             Erik Cole                Chad Larose              Drew Doughty             Lubomir Visnovsky        

Goaltenders
Starting : Jonathan Quick           
Backup : Evgeni Nabokov           

Extra Forwards
Normal : Anze Kopitar, Jordan Eberle, Chad Larose - PP : Ted Purcell, Dominic Moore - PK : Anze Kopitar
Extra Defensemen
Normal : Drew Doughty, Brent Sopel, Lubomir Visnovsky - PP : Brent Sopel - PK : Drew Doughty, Brent Sopel
Penalty Shots
Anze Kopitar, Evander Kane, Ted Purcell, Jordan Eberle, Dominic Moore

Rangers

5 vs 5 Forward 
   Center                   Left Wing                Right Wing               Time % Phy DF OF 
 1 Patrice Bergeron         Milan Lucic              Drew Stafford            40     1   2  2  
 2 Stephen Weiss            Mike Cammalleri          Jakob Silfverberg        30     1   2  2  
 3 Valtteri Filppula        Chris Bourque            Gustav Nyquist           20     1   2  2  
 4 Artem Anisimov           Nick Foligno             Matt Read                10     1   2  2  

5 vs 5 Defense 
   Defense                  Defense                                           Time % Phy DF OF 
 1 Cam Barker               Ryan Suter                                        40     1   2  2  
 2 Mark Fistric             Staffan Kronwall                                  30     1   2  2  
 3 Alexei Emelin            Staffan Kronwall                                  20     1   2  2  
 4 Cam Barker               Mark Fistric                                      10     1   2  2  

PowerPlay Forward 
   Center                   Left Wing                Right Wing               Time % Phy DF OF 
 1 Patrice Bergeron         Milan Lucic              Drew Stafford            60     1   2  2  
 2 Stephen Weiss            Mike Cammalleri          Jakob Silfverberg        40     1   2  2  

PowerPlay Defense
   Defense                  Defense                                           Time % Phy DF OF 
 1 Cam Barker               Mark Fistric                                      60     1   2  2  
 2 Matt Greene              Ryan Suter                                        40     1   2  2  

Penalty Kill 4 Players Forward 
   Center                   Wing                     Time % Phy DF OF 
 1 Valtteri Filppula        Nick Foligno             60     1   2  2  
 2 Artem Anisimov           Matt Read                40     1   2  2  

Penalty Kill 4 Players Defense
   Defense                  Defense                  Time % Phy DF OF 
 1 Cam Barker               Matt Greene              60     1   2  2  
 2 Mark Fistric             Alexei Emelin            40     1   2  2  

Penalty Kill - 3 Players Forward 
   Forward                                           Time % Phy DF OF 
 1 Matt Read                                         60     1   2  2  
 2 Nick Foligno                                      40     1   2  2  

Penalty Kill - 3 Players Defense
   Defense                  Defense                  Time % Phy DF OF 
 1 Cam Barker               Matt Greene              60     1   2  2  
 2 Mark Fistric             Alexei Emelin            40     1   2  2  

4 vs 4 Forward 
   Center                   Wing                     Time % Phy DF OF 
 1 Patrice Bergeron         Milan Lucic              60     1   2  2  
 2 Stephen Weiss            Jakob Silfverberg        40     1   2  2  

4 vs 4 Defense
   Defense                  Defense                  Time % Phy DF OF 
 1 Cam Barker               Ryan Suter               60     1   2  2  
 2 Mark Fistric             Matt Greene              40     1   2  2  

Last Minutes Offensive
   Center                   Left Wing                Right Wing               Defense                  Defense                  
   Patrice Bergeron         Milan Lucic              Jakob Silfverberg        Cam Barker               Drew Stafford            

Last Minutes Defensive
   Center                   Left Wing                Right Wing               Defense                  Defense                  
   Patrice Bergeron         Nick Foligno             Matt Read                Cam Barker               Mark Fistric             

Goaltenders
Starting : Hannu Toivonen           
Backup : Henrik Lundqvist         

Extra Forwards
Normal : Artem Anisimov, Valtteri Filppula, Milan Lucic - PP : Jakob Silfverberg, Patrice Bergeron - PK : Patrice Bergeron
Extra Defensemen
Normal : Matt Greene, Ryan Suter, Cam Barker - PP : Ryan Suter - PK : Alexei Emelin, Matt Greene
Penalty Shots
Patrice Bergeron, Jakob Silfverberg, Milan Lucic, Stephen Weiss, Valtteri Filppula

% Time on Ice - Kings

Lines # - Real PCT - Wanted PCT - Time Play
Normal Forward
1 - 30% - 35% - 14:49
2 - 31% - 35% - 15:17
3 - 20% - 20% - 9:56
4 - 18% - 10% - 8:39
Normal Defense
1 - 41% - 40% - 19:54
2 - 34% - 35% - 16:45
3 - 25% - 25% - 12:02
4 - 0% - 0% - 0:00
PP Forward
1 - 62% - 60% - 4:25
2 - 38% - 40% - 2:43
PP Defense
1 - 68% - 60% - 4:52
2 - 32% - 40% - 2:16
PK Forward
1 - 74% - 60% - 2:57
2 - 26% - 40% - 1:01
PK Defense
1 - 66% - 60% - 2:38
2 - 34% - 40% - 1:20
PK3 Forward
1 - 0% - 60%
2 - 0% - 40%
PK3 Defense
1 - 0% - 60%
2 - 0% - 40%
44 Forward
1 - 0% - 60%
2 - 0% - 40%
44 Defense
1 - 0% - 60%
2 - 0% - 40%
Last Minute Offensive  - 0:00
Last Minute Defensive  - 0:13
Total
Forward - 60:00
Defense - 60:00

% Time on Ice - Rangers

Lines # - Real PCT - Wanted PCT - Time Play
Normal Forward
1 - 34% - 40% - 16:24
2 - 28% - 30% - 13:29
3 - 23% - 20% - 11:01
4 - 16% - 10% - 7:48
Normal Defense
1 - 38% - 40% - 18:39
2 - 28% - 30% - 13:33
3 - 25% - 20% - 11:56
4 - 9% - 10% - 4:34
PP Forward
1 - 61% - 60% - 2:24
2 - 39% - 40% - 1:34
PP Defense
1 - 58% - 60% - 2:19
2 - 42% - 40% - 1:39
PK Forward
1 - 73% - 60% - 4:55
2 - 27% - 40% - 1:49
PK Defense
1 - 66% - 60% - 4:26
2 - 34% - 40% - 2:18
PK3 Forward
1 - 100% - 60% - 0:24
2 - 0% - 40% - 0:00
PK3 Defense
1 - 100% - 60% - 0:24
2 - 0% - 40% - 0:00
44 Forward
1 - 0% - 60%
2 - 0% - 40%
44 Defense
1 - 0% - 60%
2 - 0% - 40%
Last Minute Offensive  - 0:12
Last Minute Defensive  - 0:00
Total
Forward - 60:00
Defense - 60:00

Play by Play

1st period


0:01 of 1st period - Patrice Bergeron wins face-off versus Jordan Nolan in neutral zone.
0:34 of 1st period - Slapshot by Jakob Silfverberg.
0:34 of 1st period - Deflect By Mike Cammalleri.
0:34 of 1st period - Stopped by Jonathan Quick with a rebound.
0:40 of 1st period - Mike Cammalleri is hit by Anze Kopitar and loses puck.
1:01 of 1st period - Slapshot by Erik Cole.
1:01 of 1st period - Shot Misses the Net.
3:59 of 1st period - Snap shot by Nick Foligno.
3:59 of 1st period - Shot Blocked by Michael Kostka.
4:01 of 1st period - Snap shot by Matt Read.
4:01 of 1st period - Deflect By Artem Anisimov.
4:01 of 1st period - Stopped by Jonathan Quick without a rebound.
4:02 of 1st period - Matt Read wins face-off versus Dominic Moore in Kings zone.
4:03 of 1st period - Backhand shot by Artem Anisimov.
4:03 of 1st period - Goal by Artem Anisimov - Kings : 0 - Rangers : 1.
4:04 of 1st period - Patrice Bergeron wins face-off versus Jordan Nolan in neutral zone.
4:31 of 1st period - Jakub Voracek is hit by Alexei Emelin.
5:47 of 1st period - Artem Anisimov is hit by Drew Doughty and loses puck.
6:06 of 1st period - Ryan Suter is hit by Evander Kane.
6:12 of 1st period - Anze Kopitar is hit by Mike Cammalleri and loses puck.
6:30 of 1st period - Drew Doughty is hit by Valtteri Filppula and loses puck.
6:51 of 1st period - Snap shot by Erik Christensen.
6:51 of 1st period - Stopped by Hannu Toivonen without a rebound.
6:52 of 1st period - Stephen Weiss wins face-off versus Anze Kopitar in Rangers zone.
6:54 of 1st period - Minor Penalty to Stephen Weiss for Hooking.
6:55 of 1st period - Valtteri Filppula wins face-off versus Anze Kopitar in Rangers zone.
8:54 of 1st period - Penalty to Stephen Weiss is over, Stephen Weiss is back on ice.
9:24 of 1st period - Snap shot by Patrice Bergeron.
9:24 of 1st period - Shot Misses the Net.
10:36 of 1st period - Jordan Eberle is hit by Alexei Emelin and loses puck.
10:43 of 1st period - Slapshot by Nick Foligno.
10:43 of 1st period - Shot Blocked by Ted Purcell.
11:01 of 1st period - Snap shot by Erik Christensen.
11:01 of 1st period - Stopped by Hannu Toivonen with a rebound.
11:32 of 1st period - Drew Doughty is hit by Staffan Kronwall and loses puck.
11:35 of 1st period - Minor Penalty to Stephen Weiss for Roughing.
11:36 of 1st period - Anze Kopitar wins face-off versus Valtteri Filppula in Rangers zone.
11:41 of 1st period - Snap shot by Jordan Eberle.
11:41 of 1st period - Stopped by Hannu Toivonen with a rebound.
11:43 of 1st period - Snap shot by Jordan Eberle.
11:43 of 1st period - Deflect By Matt Greene.
11:43 of 1st period - Goal by Jordan Eberle - Kings : 1 - Rangers : 1.
11:44 of 1st period - Patrice Bergeron wins face-off versus Jakub Voracek in neutral zone.
11:53 of 1st period - Wrist shot by Drew Stafford.
11:53 of 1st period - Stopped by Jonathan Quick with a rebound.
11:55 of 1st period - Wrist shot by Milan Lucic.
11:55 of 1st period - Shot Blocked by Lubomir Visnovsky.
11:57 of 1st period - Slapshot by Mark Fistric.
11:57 of 1st period - Stopped by Jonathan Quick without a rebound.
11:58 of 1st period - Patrice Bergeron wins face-off versus Evander Kane in Kings zone.
12:04 of 1st period - Minor Penalty to Lubomir Visnovsky for Hooking.
12:05 of 1st period - Dominic Moore wins face-off versus Patrice Bergeron in Kings zone.
14:04 of 1st period - Penalty to Lubomir Visnovsky is over, Lubomir Visnovsky is back on ice.
14:44 of 1st period - Snap shot by Valtteri Filppula.
14:44 of 1st period - Stopped by Jonathan Quick without a rebound.
14:45 of 1st period - Valtteri Filppula wins face-off versus Anze Kopitar in Kings zone.
14:46 of 1st period - Snap shot by Chris Bourque.
14:46 of 1st period - Stopped by Jonathan Quick without a rebound.
14:47 of 1st period - Patrice Bergeron wins face-off versus Jakub Voracek in Kings zone.
14:50 of 1st period - Snap shot by Patrice Bergeron.
14:50 of 1st period - Deflect By Jakub Voracek.
14:50 of 1st period - Shot Misses the Net.
14:50 of 1st period - Puck is out of play.
14:51 of 1st period - Anze Kopitar wins face-off versus Patrice Bergeron in Kings zone.
14:55 of 1st period - Icing by Drew Doughty.
14:56 of 1st period - Patrice Bergeron wins face-off versus Anze Kopitar in Kings zone.
15:10 of 1st period - Icing by Lubomir Visnovsky.
15:11 of 1st period - Anze Kopitar wins face-off versus Stephen Weiss in Kings zone.
15:11 of 1st period - Anze Kopitar is hit by Mike Cammalleri.
15:16 of 1st period - Minor Penalty to Ryan Suter for Hooking.
15:17 of 1st period - Nick Foligno wins face-off versus Anze Kopitar in Rangers zone.
15:24 of 1st period - Slapshot by Valtteri Filppula.
15:24 of 1st period - Stopped by Jonathan Quick without a rebound.
15:25 of 1st period - Valtteri Filppula wins face-off versus Anze Kopitar in Kings zone.
15:45 of 1st period - Off-side.
15:46 of 1st period - Valtteri Filppula wins face-off versus Ted Purcell in neutral zone.
17:16 of 1st period - Penalty to Ryan Suter is over, Ryan Suter is back on ice.
18:10 of 1st period - Wrist shot by Drew Stafford.
18:10 of 1st period - Shot Blocked by Dominic Moore.
18:58 of 1st period - Slapshot by Stephen Weiss.
18:58 of 1st period - Shot Misses the Net.
19:00 of 1st period - Slapshot by Alexei Emelin.
19:00 of 1st period - Stopped by Jonathan Quick with a rebound.
19:12 of 1st period - Daniel Cleary is hit by Valtteri Filppula.
Goals for this period are 1 for Kings vs 1 for Rangers.
Shots for this period are 4 for Kings vs 9 for Rangers.

2nd period


0:01 of 2nd period - Evander Kane wins face-off versus Patrice Bergeron in neutral zone.
0:28 of 2nd period - Ryan Suter is hit by Jordan Eberle and loses puck.
0:57 of 2nd period - Snap shot by Ryan Suter.
0:57 of 2nd period - Shot Blocked by Erik Karlsson.
0:59 of 2nd period - Wrist shot by Mike Cammalleri.
0:59 of 2nd period - Rangers goal is going for a video replay.
0:59 of 2nd period - The goal is refused. The puck has been kicked using a distinct kicking motion..
1:00 of 2nd period - Patrice Bergeron wins face-off versus Anze Kopitar in Kings zone.
1:16 of 2nd period - Minor Penalty to Milan Lucic for Hooking.
1:17 of 2nd period - Anze Kopitar wins face-off versus Nick Foligno in Rangers zone.
1:24 of 2nd period - Snap shot by Anze Kopitar.
1:24 of 2nd period - Shot Blocked by Valtteri Filppula.
1:26 of 2nd period - Backhand shot by Jordan Eberle.
1:26 of 2nd period - Shot Blocked by Cam Barker.
1:28 of 2nd period - Backhand shot by Michael Kostka.
1:28 of 2nd period - Stopped by Hannu Toivonen with a rebound.
1:30 of 2nd period - Snap shot by Drew Doughty.
1:30 of 2nd period - Shot Blocked by Valtteri Filppula.
1:32 of 2nd period - Slapshot by Michael Kostka.
1:32 of 2nd period - Goal by Michael Kostka - Kings : 2 - Rangers : 1.
1:33 of 2nd period - Jordan Nolan wins face-off versus Drew Stafford in neutral zone.
1:42 of 2nd period - Wrist shot by Ted Purcell.
1:42 of 2nd period - Deflect By Jordan Nolan.
1:42 of 2nd period - Shot Misses the Net.
1:42 of 2nd period - Puck is out of play.
1:43 of 2nd period - Jordan Nolan wins face-off versus Patrice Bergeron in Rangers zone.
1:46 of 2nd period - Snap shot by Jordan Eberle.
1:46 of 2nd period - Shot Blocked by Cam Barker.
2:06 of 2nd period - Snap shot by Jordan Nolan.
2:06 of 2nd period - Shot Misses the Net.
2:51 of 2nd period - Slapshot by Milan Lucic.
2:51 of 2nd period - Shot Blocked by Jordan Eberle.
2:59 of 2nd period - Wrist shot by Milan Lucic.
2:59 of 2nd period - Stopped by Jonathan Quick with a rebound.
3:01 of 2nd period - Slapshot by Ryan Suter.
3:01 of 2nd period - Deflect By Milan Lucic.
3:01 of 2nd period - Shot Misses the Net.
3:01 of 2nd period - Puck is out of play.
3:02 of 2nd period - Anze Kopitar wins face-off versus Stephen Weiss in Kings zone.
3:15 of 2nd period - Snap shot by Michael Kostka.
3:15 of 2nd period - Deflect By Jakob Silfverberg.
3:15 of 2nd period - Stopped by Hannu Toivonen with a rebound.
3:29 of 2nd period - Staffan Kronwall is hit by Erik Christensen and loses puck.
4:00 of 2nd period - Wrist shot by Dominic Moore.
4:00 of 2nd period - Shot Blocked by Nick Foligno.
4:11 of 2nd period - Alexei Emelin is hit by Jakub Voracek and loses puck.
4:45 of 2nd period - Drew Doughty is hit by Artem Anisimov and loses puck.
4:56 of 2nd period - Ladislav Nagy is hit by Stephen Weiss and loses puck.
5:09 of 2nd period - Slapshot by Evander Kane.
5:09 of 2nd period - Stopped by Hannu Toivonen with a rebound.
5:11 of 2nd period - Backhand shot by Lubomir Visnovsky.
5:11 of 2nd period - Shot Misses the Net.
5:13 of 2nd period - Snap shot by Drew Doughty.
5:13 of 2nd period - Stopped by Hannu Toivonen with a rebound.
5:15 of 2nd period - Slapshot by Evander Kane.
5:15 of 2nd period - Shot Blocked by Ryan Suter.
5:25 of 2nd period - Chad Larose is hit by Ryan Suter and loses puck.
5:42 of 2nd period - Slapshot by Jakob Silfverberg.
5:42 of 2nd period - Shot Hit the Post.
6:14 of 2nd period - Anze Kopitar is hit by Stephen Weiss.
6:24 of 2nd period - Jakub Voracek is hit by Alexei Emelin and loses puck.
6:31 of 2nd period - Mark Fistric is hit by Evander Kane and loses puck.
6:42 of 2nd period - Wrist shot by Jakub Voracek.
6:42 of 2nd period - Stopped by Hannu Toivonen with a rebound.
6:44 of 2nd period - Backhand shot by Brent Sopel.
6:44 of 2nd period - Shot Misses the Net.
6:46 of 2nd period - Slapshot by Jakub Voracek.
6:46 of 2nd period - Shot Blocked by Chris Bourque.
7:08 of 2nd period - Snap shot by Anze Kopitar.
7:08 of 2nd period - Shot Misses the Net.
7:10 of 2nd period - Slapshot by Erik Karlsson.
7:10 of 2nd period - Stopped by Hannu Toivonen without a rebound.
7:11 of 2nd period - Patrice Bergeron wins face-off versus Jordan Nolan in Rangers zone.
7:16 of 2nd period - Snap shot by Patrice Bergeron.
7:16 of 2nd period - Shot Blocked by Michael Kostka.
7:22 of 2nd period - Cam Barker is hit by Brent Sopel and loses puck.
8:43 of 2nd period - Ryan Suter is hit by Dominic Moore and loses puck.
9:43 of 2nd period - Drew Stafford is hit by Jordan Nolan and loses puck.
9:50 of 2nd period - Snap shot by Jordan Eberle.
9:50 of 2nd period - Shot Misses the Net.
9:52 of 2nd period - Slapshot by Drew Doughty.
9:52 of 2nd period - Shot Blocked by Mark Fistric.
10:06 of 2nd period - Valtteri Filppula is hit by Dominic Moore and loses puck.
10:24 of 2nd period - Anze Kopitar is hit by Mike Cammalleri and loses puck.
11:29 of 2nd period - Matt Read is hit by Jordan Eberle and loses puck.
11:48 of 2nd period - Snap shot by Jakob Silfverberg.
11:48 of 2nd period - Shot Misses the Net.
12:01 of 2nd period - Off-side.
12:02 of 2nd period - Valtteri Filppula wins face-off versus Anze Kopitar in neutral zone.
12:13 of 2nd period - Slapshot by Anze Kopitar.
12:13 of 2nd period - Deflect By Evander Kane.
12:13 of 2nd period - Shot Misses the Net.
12:13 of 2nd period - Puck is out of play.
12:14 of 2nd period - Patrice Bergeron wins face-off versus Jordan Nolan in Rangers zone.
12:25 of 2nd period - Wrist shot by Jordan Nolan.
12:25 of 2nd period - Shot Misses the Net.
12:41 of 2nd period - Jordan Nolan is hit by Chris Bourque and loses puck.
13:14 of 2nd period - Snap shot by Matt Read.
13:14 of 2nd period - Shot Blocked by Drew Doughty.
13:16 of 2nd period - Slapshot by Matt Read.
13:16 of 2nd period - Deflect By Nick Foligno.
13:16 of 2nd period - Goal by Nick Foligno - Kings : 2 - Rangers : 2.
13:17 of 2nd period - Patrice Bergeron wins face-off versus Anze Kopitar in neutral zone.
13:24 of 2nd period - Wrist shot by Patrice Bergeron.
13:24 of 2nd period - Shot Blocked by Brent Sopel.
13:26 of 2nd period - Snap shot by Patrice Bergeron.
13:26 of 2nd period - Stopped by Jonathan Quick with a rebound.
14:08 of 2nd period - Valtteri Filppula is hit by Erik Karlsson and loses puck.
14:13 of 2nd period - Wrist shot by Ladislav Nagy.
14:13 of 2nd period - Shot Misses the Net.
14:25 of 2nd period - Slapshot by Mark Fistric.
14:25 of 2nd period - Shot Blocked by Jakub Voracek.
14:27 of 2nd period - Slapshot by Mark Fistric.
14:27 of 2nd period - Stopped by Jonathan Quick with a rebound.
14:49 of 2nd period - Slapshot by Drew Stafford.
14:49 of 2nd period - Deflect By Jordan Eberle.
14:49 of 2nd period - Shot Misses the Net.
14:49 of 2nd period - Puck is out of play.
14:50 of 2nd period - Milan Lucic wins face-off versus Anze Kopitar in Kings zone.
14:51 of 2nd period - Snap shot by Patrice Bergeron.
14:51 of 2nd period - Shot Misses the Net.
15:23 of 2nd period - Wrist shot by Jordan Nolan.
15:23 of 2nd period - Stopped by Hannu Toivonen without a rebound.
15:24 of 2nd period - Jordan Nolan wins face-off versus Stephen Weiss in Rangers zone.
15:33 of 2nd period - Ted Purcell is hit by Ryan Suter and loses puck.
15:50 of 2nd period - Michael Kostka is hit by Drew Stafford and loses puck.
16:22 of 2nd period - Snap shot by Patrice Bergeron.
16:22 of 2nd period - Stopped by Jonathan Quick without a rebound.
16:23 of 2nd period - Stephen Weiss wins face-off versus Jordan Nolan in Kings zone.
16:36 of 2nd period - Slapshot by Cam Barker.
16:36 of 2nd period - Shot Blocked by Drew Doughty.
16:42 of 2nd period - Stephen Weiss is hit by Lubomir Visnovsky and loses puck.
16:53 of 2nd period - Wrist shot by Erik Cole.
16:53 of 2nd period - Stopped by Hannu Toivonen with a rebound.
16:55 of 2nd period - Snap shot by Erik Christensen.
16:55 of 2nd period - Shot Misses the Net.
16:57 of 2nd period - Wrist shot by Erik Cole.
16:57 of 2nd period - Shot Blocked by Mike Cammalleri.
16:59 of 2nd period - Snap shot by Erik Cole.
16:59 of 2nd period - Shot Misses the Net.
17:05 of 2nd period - Snap shot by Erik Christensen.
17:05 of 2nd period - Stopped by Hannu Toivonen with a rebound.
18:05 of 2nd period - Slapshot by Dominic Moore.
18:05 of 2nd period - Stopped by Hannu Toivonen with a rebound.
18:07 of 2nd period - Slapshot by Erik Karlsson.
18:07 of 2nd period - Shot Blocked by Staffan Kronwall.
18:09 of 2nd period - Slapshot by Erik Karlsson.
18:09 of 2nd period - Stopped by Hannu Toivonen without a rebound.
18:10 of 2nd period - Anze Kopitar wins face-off versus Patrice Bergeron in Rangers zone.
18:23 of 2nd period - Snap shot by Jakub Voracek.
18:23 of 2nd period - Deflect By Staffan Kronwall.
18:23 of 2nd period - Shot Misses the Net.
18:23 of 2nd period - Puck is out of play.
18:24 of 2nd period - Jordan Nolan wins face-off versus Patrice Bergeron in Rangers zone.
18:49 of 2nd period - Lubomir Visnovsky is hit by Jakob Silfverberg and loses puck.
19:14 of 2nd period - Valtteri Filppula is hit by Michael Kostka and loses puck.
Goals for this period are 1 for Kings vs 1 for Rangers.
Shots for this period are 12 for Kings vs 6 for Rangers.

3rd period


0:01 of 3rd period - Anze Kopitar wins face-off versus Patrice Bergeron in neutral zone.
0:07 of 3rd period - Icing by Drew Stafford.
0:08 of 3rd period - Patrice Bergeron wins face-off versus Anze Kopitar in Rangers zone.
0:19 of 3rd period - Wrist shot by Milan Lucic.
0:19 of 3rd period - Deflect By Patrice Bergeron.
0:19 of 3rd period - Stopped by Jonathan Quick with a rebound.
0:21 of 3rd period - Slapshot by Mark Fistric.
0:21 of 3rd period - Deflect By Milan Lucic.
0:21 of 3rd period - Stopped by Jonathan Quick without a rebound.
0:22 of 3rd period - Patrice Bergeron wins face-off versus Jordan Nolan in Kings zone.
0:23 of 3rd period - Slapshot by Milan Lucic.
0:23 of 3rd period - Shot Blocked by Jordan Nolan.
0:25 of 3rd period - Minor Penalty to Jordan Nolan for Hooking.
0:26 of 3rd period - Dominic Moore wins face-off versus Patrice Bergeron in Kings zone.
0:41 of 3rd period - Snap shot by Patrice Bergeron.
0:41 of 3rd period - Deflect By Milan Lucic.
0:41 of 3rd period - Shot Blocked by Lubomir Visnovsky.
0:41 of 3rd period - Puck is out of play.
0:42 of 3rd period - Patrice Bergeron wins face-off versus Dominic Moore in Kings zone.
0:51 of 3rd period - Snap shot by Milan Lucic.
0:51 of 3rd period - Shot Misses the Net.
0:53 of 3rd period - Slapshot by Cam Barker.
0:53 of 3rd period - Deflect By Drew Stafford.
0:53 of 3rd period - Shot Misses the Net.
0:53 of 3rd period - Puck is out of play.
0:54 of 3rd period - Patrice Bergeron wins face-off versus Dominic Moore in Kings zone.
1:11 of 3rd period - Slapshot by Milan Lucic.
1:11 of 3rd period - Stopped by Jonathan Quick with a rebound.
1:27 of 3rd period - Snap shot by Cam Barker.
1:27 of 3rd period - Shot Hit the Post.
2:19 of 3rd period - Daniel Cleary is hit by Ryan Suter and loses puck.
2:25 of 3rd period - Penalty to Jordan Nolan is over, Jordan Nolan is back on ice.
2:44 of 3rd period - Jordan Eberle is hit by Chris Bourque.
2:58 of 3rd period - Staffan Kronwall is hit by Evander Kane and loses puck.
3:47 of 3rd period - Brent Sopel is hit by Drew Stafford and loses puck.
4:06 of 3rd period - Off-side.
4:07 of 3rd period - Chad Larose wins face-off versus Gustav Nyquist in neutral zone.
4:38 of 3rd period - Off-side.
4:39 of 3rd period - Patrice Bergeron wins face-off versus Anze Kopitar in neutral zone.
4:53 of 3rd period - Slapshot by Evander Kane.
4:53 of 3rd period - Stopped by Hannu Toivonen with a rebound.
4:55 of 3rd period - Wrist shot by Anze Kopitar.
4:55 of 3rd period - Shot Misses the Net.
5:46 of 3rd period - Daniel Cleary is hit by Matt Read and loses puck.
5:54 of 3rd period - Tim Ramholt is hit by Matt Read and loses puck.
6:13 of 3rd period - Slapshot by Anze Kopitar.
6:13 of 3rd period - Goal by Anze Kopitar - Kings : 3 - Rangers : 2.
6:14 of 3rd period - Jordan Nolan wins face-off versus Patrice Bergeron in neutral zone.
6:46 of 3rd period - Slapshot by Brent Sopel.
6:46 of 3rd period - Stopped by Hannu Toivonen without a rebound.
6:47 of 3rd period - Stephen Weiss wins face-off versus Jordan Nolan in Rangers zone.
6:47 of 3rd period - Stephen Weiss is hit by Jordan Eberle.
6:58 of 3rd period - Slapshot by Jakob Silfverberg.
6:58 of 3rd period - Shot Misses the Net.
7:00 of 3rd period - Wrist shot by Stephen Weiss.
7:00 of 3rd period - Shot Blocked by Brent Sopel.
7:02 of 3rd period - Wrist shot by Cam Barker.
7:02 of 3rd period - Shot Misses the Net.
7:16 of 3rd period - Icing by Cam Barker.
7:17 of 3rd period - Patrice Bergeron wins face-off versus Anze Kopitar in Rangers zone.
7:19 of 3rd period - Icing by Drew Stafford.
7:20 of 3rd period - Anze Kopitar wins face-off versus Patrice Bergeron in Rangers zone.
7:20 of 3rd period - Drew Doughty is hit by Cam Barker.
7:22 of 3rd period - Snap shot by Anze Kopitar.
7:22 of 3rd period - Shot Blocked by Ryan Suter.
7:34 of 3rd period - Snap shot by Patrice Bergeron.
7:34 of 3rd period - Goal by Patrice Bergeron - Kings : 3 - Rangers : 3.
7:35 of 3rd period - Jordan Nolan wins face-off versus Patrice Bergeron in neutral zone.
7:46 of 3rd period - Ted Purcell is hit by Milan Lucic and loses puck.
8:52 of 3rd period - Snap shot by Erik Christensen.
8:52 of 3rd period - Stopped by Hannu Toivonen with a rebound.
9:31 of 3rd period - Slapshot by Anze Kopitar.
9:31 of 3rd period - Deflect By Jakub Voracek.
9:31 of 3rd period - Stopped by Hannu Toivonen without a rebound.
9:32 of 3rd period - Valtteri Filppula wins face-off versus Evander Kane in Rangers zone.
9:32 of 3rd period - Gustav Nyquist is hit by Anze Kopitar and loses puck.
9:47 of 3rd period - Snap shot by Valtteri Filppula.
9:47 of 3rd period - Shot Misses the Net.
9:58 of 3rd period - Minor Penalty to Patrice Bergeron for Kneeing.
9:59 of 3rd period - Valtteri Filppula wins face-off versus Anze Kopitar in Rangers zone.
10:10 of 3rd period - Slapshot by Cam Barker.
10:10 of 3rd period - Stopped by Jonathan Quick without a rebound.
10:11 of 3rd period - Valtteri Filppula wins face-off versus Anze Kopitar in Kings zone.
10:24 of 3rd period - Cam Barker is hit by Evander Kane and loses puck.
10:43 of 3rd period - Wrist shot by Jakub Voracek.
10:43 of 3rd period - Stopped by Hannu Toivonen with a rebound.
10:45 of 3rd period - Minor Penalty to Artem Anisimov for Holding.
10:46 of 3rd period - Matt Read wins face-off versus Jordan Eberle in Rangers zone.
10:53 of 3rd period - Icing by Evander Kane.
10:54 of 3rd period - Matt Read wins face-off versus Anze Kopitar in Kings zone.
11:09 of 3rd period - Wrist shot by Anze Kopitar.
11:09 of 3rd period - Goal by Anze Kopitar - Kings : 4 - Rangers : 3.
11:10 of 3rd period - Valtteri Filppula wins face-off versus Anze Kopitar in neutral zone.
11:41 of 3rd period - Valtteri Filppula is hit by Drew Doughty and loses puck.
11:46 of 3rd period - Wrist shot by Jakub Voracek.
11:46 of 3rd period - Stopped by Hannu Toivonen with a rebound.
12:45 of 3rd period - Penalty to Artem Anisimov is over, Artem Anisimov is back on ice.
12:53 of 3rd period - Artem Anisimov is hit by Michael Kostka and loses puck.
13:12 of 3rd period - Stephen Weiss is hit by Erik Christensen and loses puck.
14:03 of 3rd period - Erik Karlsson is hit by Patrice Bergeron and loses puck.
14:31 of 3rd period - Ted Purcell is hit by Gustav Nyquist and loses puck.
14:35 of 3rd period - Icing by Michael Kostka.
14:36 of 3rd period - Jordan Nolan wins face-off versus Patrice Bergeron in Kings zone.
14:41 of 3rd period - Patrice Bergeron is hit by Jordan Eberle.
14:55 of 3rd period - Jakub Voracek is hit by Jakob Silfverberg and loses puck.
15:22 of 3rd period - Erik Karlsson is hit by Alexei Emelin and loses puck.
15:35 of 3rd period - Wrist shot by Drew Stafford.
15:35 of 3rd period - Deflect By Patrice Bergeron.
15:35 of 3rd period - Shot Misses the Net.
15:35 of 3rd period - Puck is out of play.
15:36 of 3rd period - Patrice Bergeron wins face-off versus Jordan Nolan in Kings zone.
15:37 of 3rd period - Wrist shot by Milan Lucic.
15:37 of 3rd period - Stopped by Jonathan Quick with a rebound.
15:39 of 3rd period - Slapshot by Milan Lucic.
15:39 of 3rd period - Shot Blocked by Jordan Nolan.
15:41 of 3rd period - Slapshot by Cam Barker.
15:41 of 3rd period - Stopped by Jonathan Quick with a rebound.
15:43 of 3rd period - Wrist shot by Patrice Bergeron.
15:43 of 3rd period - Shot Blocked by Lubomir Visnovsky.
15:45 of 3rd period - Slapshot by Ryan Suter.
15:45 of 3rd period - Shot Blocked by Drew Doughty.
15:47 of 3rd period - Slapshot by Ryan Suter.
15:47 of 3rd period - Shot Misses the Net.
15:49 of 3rd period - Snap shot by Milan Lucic.
15:49 of 3rd period - Shot Hit the Post.
15:51 of 3rd period - Wrist shot by Ryan Suter.
15:51 of 3rd period - Shot Misses the Net.
15:53 of 3rd period - Wrist shot by Drew Stafford.
15:53 of 3rd period - Stopped by Jonathan Quick without a rebound.
15:54 of 3rd period - Erik Christensen wins face-off versus Gustav Nyquist in Kings zone.
16:23 of 3rd period - Ted Purcell is hit by Drew Stafford and loses puck.
16:44 of 3rd period - Slapshot by Mark Fistric.
16:44 of 3rd period - Deflect By Anze Kopitar.
16:44 of 3rd period - Stopped by Jonathan Quick with a rebound.
16:46 of 3rd period - Snap shot by Mike Cammalleri.
16:46 of 3rd period - Stopped by Jonathan Quick with a rebound.
17:17 of 3rd period - Valtteri Filppula is hit by Chad Larose and loses puck.
17:37 of 3rd period - Icing by Tim Ramholt.
17:38 of 3rd period - Patrice Bergeron wins face-off versus Anze Kopitar in Kings zone.
17:47 of 3rd period - Patrice Bergeron is hit by Anze Kopitar and loses puck.
18:30 of 3rd period - Mike Cammalleri is hit by Michael Kostka and loses puck.
18:41 of 3rd period - Slapshot by Alexei Emelin.
18:41 of 3rd period - Shot Misses the Net.
18:43 of 3rd period - Wrist shot by Drew Stafford.
18:43 of 3rd period - Stopped by Jonathan Quick with a rebound.
18:45 of 3rd period - Rangers, Hannu Toivonen is pulled from the net.
18:45 of 3rd period - Wrist shot by Alexei Emelin.
18:45 of 3rd period - Stopped by Jonathan Quick with a rebound.
19:09 of 3rd period - Snap shot by Chad Larose.
19:09 of 3rd period - Deflect By Anze Kopitar.
19:09 of 3rd period - Goal by Anze Kopitar - Kings : 5 - Rangers : 3.
19:09 of 3rd period - Hannu Toivonen from Rangers was sent back in the game.
19:10 of 3rd period - Erik Christensen wins face-off versus Valtteri Filppula in neutral zone.
19:35 of 3rd period - Anze Kopitar is hit by Cam Barker and loses puck.
19:42 of 3rd period - Snap shot by Jakob Silfverberg.
19:42 of 3rd period - Shot Misses the Net.
19:56 of 3rd period - Staffan Kronwall is hit by Anze Kopitar and loses puck.
Goals for this period are 3 for Kings vs 1 for Rangers.
Shots for this period are 9 for Kings vs 12 for Rangers.